 Dungeon Crawl Stone Soup version 0.19.0-11-g3fc08b3 (webtiles) character file.

149 Stormleaks the Sneak (level 5, -3/40 HPs)
             Began as a Demonspawn Assassin on Nov 8, 2016.
             Was a Follower of Makhleb.
             Slain by Grinder (4 damage)
             ... while paralysed by Grinder
             ... on level 3 of the Dungeon.
             The game lasted 00:14:34 (3972 turns).

Stormleaks the Sneak (Demonspawn Assassin)          Turns: 3972, Time: 00:14:35

Health: -3/40      AC:  5    Str: 11    XL:     5   Next: 9%
Magic:  5/5        EV:  2    Int: 13    God:    Makhleb [*.....]
Gold:   93         SH:  0    Dex: 15    Spells: 0 memorised, 4 levels left

rFire  . . .     SeeInvis .     a - +2 dagger
rCold  . . .     Gourm    .     c - +0 robe
rNeg   . . .     Faith    .     (no shield)
rPois  .         Spirit   .     (no helmet)
rElec  .         Reflect  .     d - +0 cloak
rCorr  .         Harm     .     (no gloves)
MR     .....                    (no boots)
Stlth  +++.......               (no amulet)
                                (no ring)
                                (no ring)

@: paralysed, lethally poisoned (-3 -> -5), exhausted, slowed
A: talons 1, slimy green scales 1, rot immunity
a: Renounce Religion


You were on level 3 of the Dungeon.
You worshipped Makhleb.
Makhleb was aware of your devotion.
You were not hungry.

You visited 1 branch of the dungeon, and saw 3 of its levels.

You collected 93 gold pieces.

Inventory:

Hand Weapons
 a - a +2 dagger (weapon)
 b - a +0 blowgun
 o - a cursed -2 blowgun
 p - a +4 quarterstaff of chaos
Missiles
 e - 40 poisoned needles
 f - 2 curare-tipped needles
 q - 5 needles of paralysis
 u - a throwing net (quivered)
Armour
 c - a +0 robe (worn)
 d - a +0 cloak (worn)
 l - a +1 cloak of magic resistance
Jewellery
 h - an uncursed ring of protection from cold {unknown}
 i - a +3 ring of protection
 v - an uncursed ring of protection from fire {unknown}
Scrolls
 j - a scroll of identify
 n - a scroll of remove curse
 r - 2 scrolls of teleportation
Potions
 k - 2 potions of agility {unknown}
 t - 3 potions of heal wounds {unknown}
Comestibles
 g - a beef jerky
 x - a fruit
 z - a royal jelly


   Skills:
 + Level 2.8 Fighting
 + Level 2.5 Short Blades
 + Level 2.1 Throwing
 + Level 1.6 Dodging
 + Level 4.9 Stealth


You had 4 spell levels left.
You didn't know any spells.

Dungeon Overview and Level Annotations

Branches:
Dungeon (3/15)

Altars:
Makhleb

Annotations:
D:2 1 exclusion
D:3 Grinder


Innate Abilities, Weirdness & Mutations

You have sharp toenails.
You are partially covered in slimy green scales. (AC +2)
You are immune to rotting.


Message History

You see here a poisoned needle.
Okay, then.
It was a potion of berserk rage.
A red film seems to cover your vision as you go berserk!
You feel yourself moving faster!
You feel mighty!
You feel sick. Grinder barely misses you.
You feel a strong urge to attack something.
You feel your anger subside.
You are no longer berserk.
You are exhausted.
You feel yourself slow down.
You feel sick. Grinder gestures at you.
You suddenly lose the ability to move!
Grinder hits you.
* * * LOW HITPOINT WARNING * * *
You feel sick. Grinder hits you.
* * * LOW HITPOINT WARNING * * *
You writhe in agony.
* * * LOW HITPOINT WARNING * * *
Grinder hits you.
You die...

#.# #.# .### #######.)
#.# #.# .# ###
#.#######.# #.........#
#.#######.# #.# #.# # #.#
#.###.####
#.#######.........
#.(#?.....@...# .
#..#.##..5########.
#..#.#(....###.... .
######..#<.....(.#...##..
#........)...............
#.......#........#.....#
#......)......))>.)....#
#.....#.#..#...#.#.......
#...).#.#..##.##.....>...


You could see Grinder.

Vanquished Creatures
  A hound (D:2)
  Crazy Yiuf (D:2)
  Ijyb (D:3)
  An ooze (D:3)
  2 leopard geckos (D:3)
  3 giant cockroaches
  7 goblins
  9 hobgoblins
  4 jackals (D:2)
  7 kobolds
  3 quokkas
  6 bats
  6 frilled lizards
  7 rats (D:1)
58 creatures vanquished.

Notes
Turn   | Place    | Note
-------+----------+-------------------------------------------
     0 | D:1      | Stormleaks the Demonspawn Assassin began the quest for the Orb.
     0 | D:1      | Reached XP level 1. HP: 16/16 MP: 1/1
   474 | D:1      | Reached skill level 4 in Stealth
   621 | D:1      | Gained mutation: You are immune to rotting. [demonic ancestry]
   621 | D:1      | Reached XP level 2. HP: 16/22 MP: 2/2
   789 | D:1      | Reached skill level 1 in Dodging
  1398 | D:2      | Found a burning altar of Makhleb.
  1401 | D:2      | Gained mutation: You have sharp toenails. [demonic ancestry]
  1401 | D:2      | Reached XP level 3. HP: 28/28 MP: 3/3
  1406 | D:2      | Became a worshipper of Makhleb the Destroyer
  2281 | D:2      | Reached XP level 4. HP: 34/34 MP: 4/4
  2724 | D:3      | Found a runed door.
  2728 | D:3      | Noticed Crazy Yiuf
  2816 | D:2      | HP: 1/34 [Crazy Yiuf/quarterstaff of chaos (3)]
  3150 | D:2      | Killed Crazy Yiuf
  3600 | D:3      | Noticed Ijyb
  3640 | D:3      | Killed Ijyb
  3902 | D:3      | Gained mutation: You are partially covered in slimy green scales. (AC +2) [demonic ancestry]
  3902 | D:3      | Reached XP level 5. HP: 34/40 MP: 5/5
  3931 | D:3      | Noticed Grinder
  3952 | D:3      | Reached * piety under Makhleb
  3961 | D:3      | Paralysed by Grinder for 4 turns
  3969 | D:3      | Paralysed by Grinder for 7 turns
  3971 | D:3      | HP: 2/40 [Grinder (2)]
  3972 | D:3      | Slain by Grinder

Skill      XL: |  1  2  3  4 |
---------------+-------------+-----
Stealth        | 4 |  4.9
Dodging        | 1 |  1.6
Short Blades   | 2 |  2.5
Throwing       | 2 |  2.1
Fighting       | |  2.8

Action                   |  1- 3 |  4- 6 || total
-------------------------+-------+-------++-------
Melee: Dagger            |   109 |    92 ||   201
       Kick              |     6 |    23 ||    29
 Fire: Blowgun           |       |    17 ||    17
  Use: Scroll            |       |     9 ||     9
       Potion            |       |     3 ||     3
 Stab: Sleeping          |     4 |     4 ||     8
  Eat: Meat ration       |     1 |       ||     1
       Fruit             |       |     2 ||     2
       Bread ration      |       |     1 ||     1
Armor: Robe              |    27 |    18 ||    45
Dodge: Dodged            |    48 |    56 ||   104
